 Dungeon Crawl Stone Soup version 0.31-a0-1597-ge7908ec95f (webtiles) character file.

Game seed: 16686634028223482100

2334059 Colgate the Slayer (level 27, 312/312 HPs)
             Began as a Demonspawn Fire Elementalist on Jan 7, 2024.
             Was the Champion of Dithmenos.
             Escaped with the Orb
             ... and 5 runes
             ... and 1 gem on Jan 10, 2024!
             The game lasted 15:57:47 (128361 turns).

Colgate the Slayer (Demonspawn Fire Elementalist) Turns: 128361, Time: 15:57:47

Health: 312/312    AC: 10    Str: 10    XL:     27
Magic:  38/43      EV: 19    Int: 57    God:    Dithmenos [******]
Gold:   4980       SH:  9    Dex: 16    Spells: 10/58 levels left

rFire   + + .        a - staff of Quantum Leap {rF+ rN+ Int+7 Dex+3 Necro}
rCold   + + +        I - +1 buckler {rC+}
rNeg    + + +        k - +0 robe of Ejil {rElec rPois rC+ Int+4}
rPois   ∞            j - +2 hat {Int+3}
rElec   +            (cloak unavailable)
rCorr   +            g - +2 pair of gloves "Coatumi" {rElec rN+ SInv}
SInv    +            J - +2 pair of boots {Fly}
Will    +++..        x - amulet of regeneration
Stlth   +++          B - ring of Raar {rCorr Int+6 Slay+3}
HPRegen 1.52/turn    X - +6 ring of intelligence
MPRegen 0.56/turn

%: guardian spirit
@: death-form, calling dragons, flying, wreathed by umbra, studying 3 skills
A: vile attack, torment immunity, no potions, powered by pain 3, robust 3, magic
shield, magic regeneration, magic link, (sanguine armour 3), weakness stinger 3,
horns 1, talons 1, clever 1, fire resistance 1, sense surroundings 1
0: Orb of Zot
}: 5/15 runes: barnacled, slimy, silver, icy, gossamer
a: Siphon Essence, Begin Untransformation, Renounce Religion, Shadow Step,
Shadow Form


You escaped.
You worshipped Dithmenos.
Dithmenos was exalted by your worship.
You were an undying horror.
You visited 15 branches of the dungeon, and saw 65 of its levels.
You visited the Abyss 1 time.
You also visited: Ossuary, Bailey, Wizlab and Desolation.

You collected 9758 gold pieces.
You spent 4778 gold pieces at shops.

Inventory:

Missiles
 F - 10 throwing nets {!f}
Armour
 g - the +2 pair of gloves "Coatumi" (worn) {rElec rN+ SInv}
   (You found it on level 3 of the Elven Halls)

   rElec:     It insulates you from electricity.
   rN+:       It protects you from negative energy.
   SInv:      It lets you see invisible.
 j - a +2 hat of intelligence (worn)
 k - the +0 robe of Ejil (worn) {rElec rPois rC+ Int+4}
   (You found it on level 4 of the Lair of Beasts)

   Int+4:     It affects your intelligence (+4).
   rC+:       It protects you from cold.
   rElec:     It insulates you from electricity.
   rPois:     It protects you from poison
 I - a +1 buckler of cold resistance (worn)
 J - a +2 pair of boots of flying (worn)
Magical Staves
 a - the staff of Quantum Leap (weapon) {rF+ rN+ Int+7 Dex+3 Necro}
   (You found it on level 5 of the Pits of Slime)

   [staff of death]

   Base accuracy: +5 Base damage: 5 Base attack delay: 1.2 This weapon's minimum
   attack delay (0.6) is reached at skill level 12.
   Int+7:     It affects your intelligence (+7).
   Dex+3:     It affects your dexterity (+3).
   rF+:       It protects you from fire.
   rN+:       It protects you from negative energy.
   Necro:     It increases the power of your Necromancy spells.
   It falls into the 'Staves' category.
   It is a one-handed weapon.
 b - the staff "Gechuir" {Will++ Int+3 Earth}
   (You found it in the Desolation of Salt)

   [staff of earth]

   Base accuracy: +5 Base damage: 5 Base attack delay: 1.2 This weapon's minimum
   attack delay (0.6) is reached at skill level 12.
   Int+3:     It affects your intelligence (+3).
   Will++:    It greatly increases your willpower.
   Earth:     It increases the power of your Earth spells.
   It falls into the 'Staves' category.
   It is a one-handed weapon.
 N - the staff of the Wilderness {rC+ rN+++ rCorr Str+3 Int-2 Ice}
   (You found it on level 5 of the Pits of Slime)

   [staff of cold]

   Base accuracy: +5 Base damage: 5 Base attack delay: 1.2 This weapon's minimum
   attack delay (0.6) is reached at skill level 12.
   Str+3:     It affects your strength (+3).
   Int-2:     It affects your intelligence (-2).
   rC+:       It protects you from cold.
   rN+++:     It renders you almost immune to negative energy.
   rCorr:     It protects you from acid and corrosion.
   Ice:       It increases the power of your Ice spells.
   It falls into the 'Staves' category.
   It is a one-handed weapon.
Jewellery
 d - a ring of willpower
 r - the ring "Cejit" {rF+ Int+2}
   (You found it on level 1 of the Elven Halls)

   [ring of protection from fire]

   Int+2:     It affects your intelligence (+2).
   rF+:       It protects you from fire.
 x - an amulet of regeneration (around neck)
 y - the ring of Lies {Fly rF+ Str+6 Int+3}
   (You found it on level 2 of the Realm of Zot)

   [ring of strength]

   Str+6:     It affects your strength (+6).
   Int+3:     It affects your intelligence (+3).
   rF+:       It protects you from fire.
   Fly:       It grants you flight.
 B - the ring of Raar (left hand) {rCorr Int+6 Slay+3}
   (You took it off a vault warden on level 5 of the Vaults)

   [ring of resist corrosion]

   Int+6:     It affects your intelligence (+6).
   Slay+3:    It affects your accuracy & damage with ranged weapons and melee
   (+3).
   rCorr:     It protects you from acid and corrosion.
 Q - a ring of willpower
 X - a +6 ring of intelligence (right hand)
Wands
 m - a wand of flame (121)
 G - a wand of quicksilver (31) {@v1}
 H - a wand of iceblast (37) {@v2}
 L - a wand of mindburst (27)
 R - a wand of paralysis (63)
 T - a wand of polymorph (19)
 Z - a wand of digging (14) {@v3}
Scrolls
 n - 13 scrolls of vulnerability
 q - 9 scrolls of teleportation {@r3}
 s - 8 scrolls of blinking {@r4}
 v - a scroll of immolation
 z - 2 scrolls of summoning
 M - 10 scrolls of fog
 P - 8 scrolls of fear
 Y - 8 scrolls of silence
Potions
 c - 30 potions of curing {@q1}
 e - 13 potions of lignification
 f - 4 potions of magic
 h - 10 potions of haste {@q4}
 i - 10 potions of mutation
 l - 9 potions of heal wounds {@q2}
 o - 10 potions of resistance {@q5}
 p - 4 potions of might {@q3}
 u - 4 potions of invisibility
 A - 4 potions of brilliance
 D - 16 potions of enlightenment
 O - a potion of attraction
 V - a potion of ambrosia
 W - a potion of cancellation
Miscellaneous
 t - the horn of Geryon
 w - a phial of floods
 C - a box of beasts
 E - a tin of tremorstones (2/2)
 S - a phantom mirror (inert)


   Skills:
 + Level 24.8 Fighting
 - Level 13.0 Dodging
 - Level 8.1 Stealth
 - Level 13.1 Shields
 - Level 16.0 Spellcasting
 - Level 16.0 Conjurations
 - Level 23.0 Summonings
 - Level 3.0 Translocations
 - Level 6.0 Fire Magic
 - Level 12.0 Earth Magic
 - Level 12.0 Invocations
 - Level 8.1 Evocations
 - Level 23.0 Shapeshifting


You had 10 spell levels left.
You knew the following spells:

 Your Spells              Type           Power      Damage    Failure   Level
a - Foxfire               Conj/Fire      100%       2x1d9     0%          1
b - Spellforged Servitor  Conj/Summ      66%        N/A       1%          7
c - Dragon's Call         Summ           71%        N/A       3%          9
d - Blink                 Tloc           100%       N/A       1%          2
e - Volatile Blastmotes   Fire/Tloc      100%       2d18      1%          3
f - Swiftness             Air            45%        N/A       1%          3
g - Martyr's Knell        Necr/Summ      100%       N/A       1%          4
h - Lehudib's Crystal Sp  Conj/Erth      58%        10d14     8%          8
i - Passage of Golubria   Tloc           69%        N/A       1%          4
j - Malign Gateway        Summ/Tloc      57%        N/A       1%          7

Your spell library contained the following spells:

 Spells                   Type           Power      Damage    Failure   Level
 Kiss of Death            Conj/Necr      100%       2d13      0%          1
 Sandblast                Erth           100%       2d20      0%          1
 Shock                    Conj/Air       100%       1d9       0%          1
 Summon Small Mammal      Summ           100%       N/A       0%          1
 Call Imp                 Summ           100%       N/A       0%          2
 Momentum Strike          Conj/Tloc      100%       3d10      0%          2
 Call Canine Familiar     Summ           100%       N/A       0%          3
 Passwall                 Erth           100%       N/A       0%          3
 Stone Arrow              Conj/Erth      100%       3d13      0%          3
 Summon Ice Beast         Ice/Summ       100%       N/A       0%          3
 Animate Armour           Summ/Erth      100%       N/A       0%          4
 Brom's Barrelling Bould  Conj/Erth      100%       2d11      0%          4
 Summon Blazeheart Golem  Fire/Summ      100%       N/A       0%          4
 Summon Cactus Giant      Summ           71%        N/A       0%          6
 Apportation              Tloc           100%       N/A       1%          1
 Freeze                   Ice            100%       1d10      1%          1
 Necrotise                Necr           100%       1d9       1%          1
 Slow                     Hex            100%       N/A       1%          1
 Ensorcelled Hibernation  Hex/Ice        90%        N/A       1%          2
 Jinxbite                 Hex            90%        N/A       1%          2
 Lesser Beckoning         Tloc           100%       N/A       1%          2
 Mercury Vapours          Alch/Air       90%        N/A       1%          2
 Scorch                   Fire           100%       2d9       1%          2
 Static Discharge         Conj/Air       100%       3-8/arc   1%          2
 Confusing Touch          Hex            45%        N/A       1%          3
 Dazzling Flash           Conj/Hex       100%       N/A       1%          3
 Frozen Ramparts          Ice            90%        1d14      1%          3
 Fugue of the Fallen      Necr           62%        N/A       1%          3
 Gell's Gravitas          Tloc           69%        N/A       1%          3
 Hailstorm                Conj/Ice       95%        3d15      1%          3
 Inner Flame              Hex/Fire       69%        N/A       1%          3
 Mephitic Cloud           Conj/Alch/Air  82%        N/A       1%          3
 Sigil of Binding         Hex            45%        N/A       1%          3
 Tukima's Dance           Hex            45%        N/A       1%          3
 Vampiric Draining        Necr           62%        2d10      1%          3
 Dimensional Bullseye     Hex/Tloc       29%        N/A       1%          4
 Flame Wave               Conj/Fire      100%       2d21      1%          4
 Iskenderun's Mystic Bla  Conj/Tloc      100%       2d19      1%          4
 Leda's Liquefaction      Alch/Erth      42%        N/A       1%          4
 Manifold Assault         Tloc           69%        N/A       1%          4
 Petrify                  Alch/Erth      85%        N/A       1%          4
 Sticky Flame             Fire/Alch      69%        2d11      1%          4
 Summon Lightning Spire   Summ/Air       100%       N/A       1%          4
 Vhi's Electric Charge    Tloc/Air       100%       N/A       1%          4
 Arcjolt                  Conj/Air       47%        1d57      1%          5
 Borgnjor's Vile Clutch   Necr/Erth      53%        N/A       1%          5
 Fireball                 Conj/Fire      53%        3d21      1%          5
 Freezing Cloud           Conj/Ice/Air   41%        6-21      1%          5
 Irradiate                Conj/Alch      47%        3d27      1%          5
 Lee's Rapid Deconstruct  Erth           55%        3d26*     1%          5
 Summon Forest            Summ/Tloc      57%        N/A       1%          5
 Summon Mana Viper        Hex/Summ       100%       N/A       1%          5
 Bombard                  Conj/Erth      58%        9d10      1%          6
 Starburst                Conj/Fire      53%        6d14      1%          6
 Monstrous Menagerie      Summ           71%        N/A       1%          7
 Orb of Destruction       Conj           61%        9d15      1%          7
 Summon Hydra             Summ           71%        N/A       1%          7
 Summon Horrible Things   Summ           71%        N/A       1%          8
 Haunt                    Necr/Summ      66%        N/A       2%          7
 Airstrike                Air            22%        2d(4-20)  3%          4
 Anguish                  Hex/Necr       31%        N/A       3%          4
 Animate Dead             Necr           62%        N/A       3%          4
 Cause Fear               Hex            22%        N/A       3%          4
 Dispel Undead            Necr           62%        3d22      3%          4
 Olgreb's Toxic Radiance  Alch           45%        N/A       3%          4
 Alistair's Intoxication  Alch           30%        N/A       10%         5
 Curse of Agony           Necr           62%        N/A       10%         5
 Metabolic Englaciation   Hex/Ice        22%        N/A       10%         5
 Silence                  Hex/Air        22%        N/A       10%         5
 Yara's Violent Unravell  Hex/Alch       22%        3d10      10%         5
 Dispersal                Tloc           34%        N/A       16%         6
 Plasma Beam              Fire/Air       34%        2x1d47    16%         6
 Death Channel            Necr           31%        N/A       50%         6
 Sculpt Simulacrum        Ice/Alch       22%        N/A       50%         6
 Ignition                 Fire           43%        3d12      90%         8
 Shatter                  Erth           55%        3d41*     95%         9
 Ozocubu's Refrigeration  Ice            22%        4d12      97%         7
 Borgnjor's Revivificati  Necr           31%        N/A       100%        8
 Discord                  Hex            22%        N/A       100%        8
 Disjunction              Tloc           34%        N/A       100%        8
 Maxwell's Capacitive Co  Air            22%        ∞         100%        8
 Death's Door             Necr           31%        N/A       100%        9
 Polar Vortex             Ice            22%        12d3*     100%        9


Dungeon Overview and Level Annotations

Branches:
Dungeon (15/15)            Temple (1/1) D:5            Lair (5/5) D:10
 Shoals (4/4) Lair:2       Spider (4/4) Lair:3        Slime (5/5) Lair:5
    Orc (2/2) D:11            Elf (3/3) Orc:2        Vaults (5/5) D:14
  Crypt (3/3) Vaults:3       Tomb (1/3) Crypt:3      Depths (4/4) D:15
   Hell (visited)             Dis (0/7) Hell            Geh (0/7) Hell
    Coc (7/7) Hell            Tar (0/7) Hell            Zot (5/5) Depths:4
Ossuary (visited)          Bailey (visited)          WizLab (visited)
Desolation (visited)

Altars:
Ashenzari
Cheibriados
Dithmenos
Fedhas
Gozag
Hepliaklqana
Kikubaaqudgha
Makhleb
Nemelex Xobeh
Okawaru
Qazlal
Ru
Sif Muna
Trog
Uskayaw
Vehumet
Wu Jian
Xom
Yredelemnul
Jiyva

Shops:
D:13 [   Orc:2 =[=[   Shoals:2 (   Shoals:3 *   Vaults:4 [   Vaults:5 *
Depths:1 [   Depths:2 [   Depths:3 :==

Portals:
Hell: Depths:1 Depths:2 Depths:3 Depths:4
Abyss: Depths:2 Depths:3
Pandemonium: Depths:2
Ziggurat: Depths:2
Trove: D:12 (give 13 scrolls of teleportation)

Annotations:
Vaults:3 Boris
Zot:4 2 transporters, Dyfes's ghost, legendary OnFi


Innate Abilities, Weirdness & Mutations

You are an undying horror.
Your melee and unarmed attacks drain, slow and weaken victims.
You are immune to unholy pain and torment.
You cannot drink.
You are immune to poison.
You are powered by pain.
You are extremely robust. (+30% HP)
When hurt, damage is shared between your health and your magic reserves.
You regenerate magic rapidly.
When low on magic, you restore magic in place of health.
((When seriously injured, your blood forms very thick armour. (AC +0)))
You have a sharp stinger which inflicts weakening toxins.
You have a pair of small horns on your head.
You have sharp toenails.
Your mind is acute. (Int +4, Str/Dex -1)
Your flesh is heat resistant. (rF+)
You passively map a small area around you.


Message History

Your storm dragon tramples Vafa but does no damage.
Vafa gestures.
The bolt of lightning hits your storm dragon.
Your storm dragon completely resists.
The bolt of lightning hits your martyred shade!!
The bolt of lightning hits you! You resist.
The fiery plasma hits your storm dragon!!!
Your storm dragon dies!
Your storm dragon's corpse disappears in a puff of smoke!
The fiery plasma hits your martyred shade!!
Your martyred shade wails in agony as it relives its own death.
The fiery plasma hits you! You resist.
Your golden dragon bites Vafa!!
Your golden dragon claws Vafa!
Your golden dragon barely misses Vafa.
Casting: Spellforged Servitor (mildly dangerous; 1% risk of failure)
You feel a surge of power!
You call forth a shade to shield your allies.
Vafa gestures at your golden dragon.
The lance of force hits your golden dragon!!
Your golden dragon is knocked back by the lance of force.
Your golden dragon collides with your iron dragon!
A dragon arrives to answer your call! Vafa trunk-slaps your golden dragon!!
Your golden dragon bites Vafa!!
Vafa dies!
Dithmenos accepts your kill.
Your iron dragon disappears in a puff of smoke!
Your iron dragon disappears in a puff of smoke!
Your golden dragon disappears in a puff of smoke!
A sun demon comes into view.
A dragon arrives to answer your call!
Your quicksilver dragon breathes dispelling energy at the sun demon.
The bolt of dispelling energy hits the sun demon!!
There is a staircase leading out of the dungeon here.
A dragon arrives to answer your call!
Your quicksilver dragon breathes dispelling energy at the sun demon.
The bolt of dispelling energy hits the sun demon!!
Your quicksilver dragon bites the sun demon.
Your quicksilver dragon claws the sun demon.
The sun demon dies!
Dithmenos accepts your kill.
You have escaped!

## #........##
#≈≈##.......#
#≈≈≈≈≈~~~9.##
#≈≈≈≈≈≈~~~≈###
#####..~~≈~≈≈#
#.D..#≈≈≈#
##.D.###≈#
#..## ## #z##
###


You could see 2 friendly quicksilver dragons and a friendly spellforged servitor
(summoned).

Vanquished Creatures
  the Royal Jelly (Slime:5)
  the Serpent of Hell (Coc:7)
  A Killer Klown (Zot:5)
  A shard shrike (Coc:6)
  A caustic shrike (Depths:3)
  A bone dragon (Crypt:3)
  A Brimstone Fiend (D:1)
  2 tentacled monstrosities
  A lich (Crypt:2)
  2 titans
  3 acid blobs (Slime:5)
  Asterion (Spider:3)
  An Executioner (Abyss:3)
  2 deep elf master archers
  2 death cobs
  3 tentacled starspawn (Abyss:3)
  An ancient champion (Crypt:2)
  Polyphemus (Shoals:2)
  3 sphinxes
  3 tengu reavers
  A kraken (Shoals:1)
  A storm dragon (Depths:3)
  A shadow dragon (Depths:3)
  5 azure jellies
  2 draconian knights
  Aizul (Elf:2)
  A nargun (Coc:7)
  A fire giant (Depths:2)
  A revenant (Crypt:2)
  4 vault wardens
  6 rockslimes
  A draconian scorcher (Zot:3)
  3 ghost moths
  6 deep elf sorcerers (Elf:3)
  4 deep elf elementalists (Elf:3)
  An emperor scorpion (Spider:2)
  A shard shrike simulacrum (Coc:5)
  3 ironbound preservers (Vaults:4)
  A reaper (Hell)
  3 ghouls
  A juggernaut skeleton (Crypt:2)
  4 quicksilver oozes (Slime:5)
  A broodmother (Spider:3)
  7 stone giants
  2 elemental wellsprings
  2 very ugly things (D:15)
  6 deep elf demonologists (Elf:3)
  2 vampire knights
  A green draconian (Zot:1)
  10 deep elf death magi
  2 white draconians (Depths:4)
  5 deep elf annihilators
  A lorocyproca (Depths:2)
  A war gargoyle (Vaults:5)
  3 spark wasps
  2 purple draconians
  2 eidola (Crypt:2)
  6 yaktaur captains
  2 fire dragons
  A mummy priest (Tomb:1)
  A jiangshi (Crypt:2)
  3 ettins
  2 entropy weavers
  A great orb of eyes (Vaults:3)
  A merfolk javelineer (Shoals:4)
  4 vault guards (Vaults:5)
  2 ice dragons
  A rakshasa (Depths:2)
  2 ghost crabs (Spider:3)
  An alligator snapping turtle (Shoals:3)
  A peacekeeper (Vaults:4)
  2 boulder beetles
  2 spriggan air magi (Depths:2)
  2 merfolk avatars
  An Orb Guardian zombie (Crypt:2)
  8 dancing weapons
  2 radroaches
  An ironbound frostheart (Vaults:3)
  3 merfolk aquamancers
  2 death yaks
  4 tengu warriors (Depths:1)
  3 titan zombies
  A vampire mage (Crypt:2)
  An orc high priest (Orc:2)
  2 demonic crawlers
  5 soul eaters
  A storm dragon zombie (Hell)
  5 sun demons
  4 hell knights
  A wretched star (Abyss:3)
  10 deep elf knights
  3 shadow wraiths
  4 skysharks
  8 skeletal warriors
  An iron troll (D:15)
  7 deep trolls
  A spriggan druid (Depths:1)
  A sun moth (Spider:2)
  3 glowing orange brains
  2 orb spiders (Spider:2)
  3 sea snakes
  5 slime creatures
  A harpy (Shoals:1)
  A lightning spire (WizLab)
  A lindwurm (Vaults:3)
  3 phantasmal warriors
  23 deep elf pyromancers
  4 steelbarb worms
  A flayed ghost (Crypt:2)
  20 deep elf zephyrmancers
  A necromancer (Crypt:2)
  9 deep elf archers
  8 wolf spiders
  8 ugly things
  6 manticores
  4 orc sorcerers
  8 moths of wrath
  A faun (Shoals:2)
  3 oklob plants (Lair:5)
  Maurice (D:11)
  A frost giant zombie (Hell)
  3 kobold blastminers
  2 worldbinders
  A fire giant skeleton (Vaults:3)
  3 merfolk sirens
  4 water nymphs
  An ice statue (Hell)
  A centaur zombie (Crypt:3)
  A vault sentinel (Vaults:4)
  3 rust devils
  A moth of wrath (shapeshifter) (Vaults:5)
  A molten gargoyle (Hell)
  An eye of devastation (Slime:5)
  2 unseen horrors (D:11)
  2 hellions
  3 cane toads
  2 gargoyles
  2 yaktaurs
  A naga skeleton (Tomb:1)
  A komodo dragon (Lair:1)
  A redback zombie (Crypt:1)
  4 tengu conjurers (Depths:1)
  A tormentor (Depths:2)
  A sea snake zombie (Hell)
  6 nameless horrors
  A yellow draconian skeleton (Crypt:1)
  An ancient zyme (Abyss:2)
  A bunyip simulacrum (Coc:2)
  6 merfolk
  A troll (D:11)
  4 wind drakes
  Grinder (D:5)
  A harpy skeleton (Crypt:2)
  7 tarantellas
  3 tyrant leeches (Spider:3)
  2 human skeletons
  2 raiju (Abyss:3)
  5 blink frogs (Lair:5)
  A hornet (D:10)
  Prince Ribbit (D:5)
  3 snapping turtles
  Sigmund (D:5)
  A black mamba zombie (Crypt:1)
  8 jumping spiders
  2 culicivoras
  A naga simulacrum (Coc:3)
  An air elemental (Elf:1)
  12 water elementals
  A shadow (D:10)
  4 wyverns
  3 starcursed masses (Abyss:3)
  3 fire elementals
  A warg (Orc:2)
  2 wraiths
  Eustachio (D:4)
  8 yaks
  A basilisk (D:10)
  A neqoxec (Abyss:3)
  A steam dragon (D:9)
  A golden eye (Lair:5)
  7 redbacks
  2 vampire mosquitoes (Spider:3)
  An acid dragon (shapeshifter) (D:13)
  2 harpy simulacra
  A small abomination (Abyss:3)
  2 acid dragons
  3 water moccasins
  A faun zombie (Crypt:2)
  2 glowing shapeshifter skeletons (Vaults:3)
  3 ice beasts
  2 ettin simulacra (Coc:4)
  A laughing skull (Abyss:3)
  15 orc warriors
  4 boggarts (Vaults:2)
  A black bear (D:9)
  2 ogres
  5 wolves
  2 centaurs
  2 phantoms
  9 kobold brigands
  3 weeping skulls
  3 earth elementals
  A necrophage (Crypt:2)
  3 bullfrogs
  4 scorpions
  A wyvern skeleton (Crypt:3)
  4 wights (D:9)
  A howler monkey (D:6)
  2 gnoll boudas
  A human zombie (Ossuary)
  2 bombardier beetles (D:5)
  2 hounds (D:6)
  10 orc priests
  An iguana (D:6)
  8 orc wizards
  2 sleepcaps (D:6)
  4 hell rats
  5 scorpion zombies (Ossuary)
  4 mummies
  Robin (D:4)
  19 gnolls
  7 adders
  2 shadow imps
  A white imp (D:6)
  2 ufetubi (D:6)
  2 adder zombies (Ossuary)
  2 dart slugs
  45 orcs
  7 ball pythons
  5 bats
  7 endoplasms
  A giant cockroach (D:3)
  8 hobgoblins
  2 jackals (D:4)
  32 kobolds
  4 quokkas
  4 frilled lizards
  A gnoll zombie (Ossuary)
  25 goblins
  2 jackal zombies (Ossuary)
  6 kobold zombies (Ossuary)
  7 rats
  3 starspawn tentacles (Abyss:3)
  A tentacle (Shoals:1)
826 creatures vanquished.

Vanquished Creatures (collateral kills)
  Antaeus (Coc:7)
  8 dread liches
  4 orbs of fire (Zot:5)
  4 ancient liches (Zot:5)
  Mara (Vaults:5)
  2 juggernauts
  Xtahua (Vaults:4)
  Sojobo (Crypt:2)
  Bai Suzhen (Shoals:3)
  A Killer Klown (Zot:5)
  A pandemonium lord (D:1)
  Saint Roka (Vaults:5)
  4 caustic shrikes
  24 shard shrikes
  Margery (Vaults:4)
  2 curse toes
  11 golden dragons
  Geryon (Hell)
  2 profane servitors (Crypt:3)
  Norris (Vaults:2)
  Arachne (Spider:3)
  2 bone dragons (Depths:4)
  The ghost of Wethrebo the Warrior, an adept DgNe (Crypt:2)
  3 electric golems
  17 Ice Fiends
  A walking crystal tome (Depths:2)
  10 tentacled monstrosities
  Zenata (Vaults:1)
  Jorgrun (Orc:2)
  2 liches
  Rupert (Orc:2)
  24 Orb Guardians (Zot:5)
  2 deep elf blademasters (Elf:3)
  7 quicksilver dragons
  19 acid blobs
  A searing wretch (Vaults:4)
  10 titans
  Murray (Depths:2)
  A deep elf master archer (Elf:3)
  9 sphinxes
  5 death cobs
  12 shadow dragons
  6 eldritch tentacles
  10 tengu reavers
  An ancient champion (Vaults:3)
  20 storm dragons
  2 revenants
  Donald (Spider:2)
  7 protean progenitors
  7 azure jellies
  12 fire giants
  9 rockslimes
  4 draconian knights
  10 draconian monks
  19 narguns
  3 deep elf sorcerers
  2 iron dragons
  14 vault wardens
  11 frost giants
  A balrug (Depths:4)
  A caustic shrike zombie (Crypt:3)
  5 draconian shifters
  6 emperor scorpions (Spider:4)
  2 ghost moths
  3 angels
  7 draconian annihilators
  8 draconian scorchers
  4 curse skulls
  3 orc warlords
  12 ghouls
  5 shard shrike simulacra
  3 reapers
  A spriggan defender (Depths:3)
  7 draconian stormcallers
  A broodmother (Spider:2)
  9 formless jellyfish
  4 quicksilver oozes
  17 stone giants
  10 ironbound preservers
  10 green draconians
  8 ironbound thunderhulks
  12 very ugly things
  20 elemental wellsprings
  A deep elf death mage (Vaults:4)
  The ghost of iamserjio the Metamorph, a journeyman VSMo of Okawaru (Shoals:4)
  3 vampire knights
  2 bennus (Tomb:1)
  11 war gargoyles
  11 black draconians
  5 dire elephants
  7 spark wasps
  13 red draconians
  11 wendigos
  2 deep elf annihilators
  11 white draconians
  17 purple draconians
  2 lorocyprocas
  14 yellow draconians
  5 eidola
  4 crystal guardians
  Snorg (D:12)
  5 merfolk impalers
  A quicksilver dragon zombie (Hell)
  4 blizzard demons
  6 merfolk javelineers (Shoals:4)
  11 ettins
  A mummy priest (Crypt:3)
  6 spriggan zombies
  3 jiangshi
  An entropy weaver (shapeshifter) (D:10)
  8 fire dragons
  16 yaktaur captains
  4 entropy weavers
  Josephine (D:12)
  A kraken zombie (Hell)
  8 great orbs of eyes
  4 deep elf high priests (Vaults:5)
  3 rakshasas
  A ragged hierophant (Vaults:2)
  Erolcha (D:12)
  The ghost of temujin the Spear-Bearer, a journeyman HuWn of Hepliaklqana (D:12)
  A hell beast (Zot:4)
  4 caustic shrike simulacra
  2 servants of whispers
  25 vault guards
  2 spriggan skeletons (Crypt:2)
  11 peacekeepers
  9 ice dragons
  3 death knights
  5 ogre magi (Vaults:5)
  9 hydras
  7 juggernaut simulacra
  4 radroaches
  9 ironbound frosthearts
  8 merfolk aquamancers
  2 merfolk avatars
  3 boulder beetles
  9 centaur warriors
  2 catoblepae
  20 dancing weapons
  2 tengu warriors (D:15)
  An alligator snapping turtle (Shoals:3)
  6 deep troll shamans
  A spectral stone giant (Crypt:2)
  8 deep troll earth magi
  7 demonic crawlers
  2 hell hogs (Lair:5)
  4 two-headed ogres
  2 vampire magi (Crypt:2)
  A satyr (Shoals:4)
  5 orc high priests
  5 death yaks
  4 thrashing horrors
  6 deep elf knights
  4 spriggan berserkers
  Sonja (D:11)
  3 sun demons
  A titan zombie (Crypt:2)
  13 hell knights
  4 iron trolls
  5 soul eaters
  5 skysharks
  A storm dragon zombie (Crypt:2)
  A pharaoh ant (Spider:2)
  3 golden dragon zombies (Hell)
  An anaconda zombie (Tomb:1)
  8 sea snakes
  29 skeletal warriors
  A spriggan druid (Depths:1)
  4 bunyip zombies (Crypt:3)
  A sun moth (Spider:3)
  2 spark wasp zombies (Hell)
  51 deep trolls
  Lodul (D:11)
  3 quicksilver dragon simulacra
  8 orb spiders
  2 arcanists
  A glowing orange brain (Vaults:3)
  A tengu zombie (Hell)
  An iron giant zombie (Crypt:3)
  7 lindwurms
  An obsidian statue (Zot:5)
  6 flayed ghosts
  A lightning spire (WizLab)
  18 phantasmal warriors
  A ghost moth zombie (Crypt:1)
  18 ironbound convokers
  An orb spider (shapeshifter) (Vaults:5)
  8 deep elf archers
  2 stone giant zombies
  5 spriggan simulacra
  6 orc knights
  2 steelbarb worms
  16 deep elf zephyrmancers
  18 harpies
  2 orc sorcerers (Orc:2)
  13 deep elf pyromancers
  21 wolf spiders
  7 necromancers
  A fire giant zombie (Hell)
  14 manticores
  2 shadow dragon skeletons
  30 ugly things
  22 moths of wrath
  3 salamanders (WizLab)
  An alligator zombie (Crypt:1)
  9 fauns
  An oklob plant (Lair:5)
  3 shining eyes
  A faun (shapeshifter) (Vaults:5)
  4 rust devils
  An alligator skeleton (Crypt:2)
  A moth of wrath (shapeshifter) (Depths:2)
  5 cyclopes
  A manticore (shapeshifter) (Vaults:5)
  A kobold blastminer (Orc:2)
  9 meliai
  7 merfolk sirens
  A jorogumo skeleton (Crypt:1)
  3 elephants (Lair:2)
  20 vault sentinels
  10 black mambas
  2 torpor snails
  An eye of devastation (Slime:2)
  2 ice statues
  2 stone giant skeletons (Vaults:3)
  8 molten gargoyles
  A human skeleton (Vaults:3)
  2 centaur zombies (Crypt:3)
  4 water nymphs (Shoals:4)
  5 gargoyles
  5 titan simulacra
  A torpor snail (shapeshifter) (Depths:1)
  A storm dragon simulacrum (Vaults:1)
  9 freezing wraiths
  4 smoke demons (Hell)
  6 cane toads
  8 hellions
  3 komodo dragons
  A tengu conjurer (D:10)
  15 yaktaurs
  3 anaconda simulacra
  A rime drake (shapeshifter) (D:14)
  2 rime drakes
  2 efreet
  2 golden dragon simulacra
  2 hydra zombies (Hell)
  An ice devil (D:1)
  A bunyip simulacrum (Coc:2)
  6 tormentors
  3 harpy zombies
  A red devil (Hell)
  16 merfolk
  6 trolls
  An iron giant simulacrum (Coc:5)
  A wolf spider simulacrum (D:15)
  4 guardian mummies
  A queen bee (shapeshifter) (Depths:1)
  19 tarantellas
  A tyrant leech (Spider:3)
  15 saltlings
  A shadow dragon simulacrum (Tomb:1)
  7 wind drakes
  3 hydra skeletons (Hell)
  6 blink frogs
  4 dream sheep (Shoals:1)
  A glass eye (Slime:5)
  2 stone giant simulacra
  91 slime creatures
  2 iron dragon simulacra
  A radroach zombie (Crypt:2)
  6 snapping turtles
  19 jumping spiders
  A slime creature (shapeshifter) (Vaults:4)
  An air elemental (Elf:2)
  20 culicivoras
  A satyr skeleton (Crypt:1)
  A black mamba zombie (Crypt:2)
  3 centaur simulacra
  22 water elementals
  A shadow (Crypt:3)
  3 wyverns
  12 wraiths
  4 dire elephant simulacra
  17 yaks
  A black mamba skeleton (Crypt:2)
  An orc simulacrum (Coc:1)
  An alligator snapping turtle simulacrum (Coc:3)
  4 fire elementals
  A yak (shapeshifter) (D:15)
  2 ushabtiu (Tomb:1)
  9 basilisks
  56 redbacks
  A sea snake simulacrum (Hell)
  6 wargs
  2 glowing shapeshifter zombies (Hell)
  8 harpy simulacra
  7 vampire mosquitoes
  An acid dragon (shapeshifter) (Depths:1)
  4 nagas (Zot:4)
  3 naga zombies
  A hydra simulacrum (Coc:4)
  13 water moccasins
  9 hell hounds
  19 orc warriors
  10 ogres
  An ice beast (shapeshifter) (Depths:4)
  A boggart (Vaults:4)
  4 ettin simulacra
  8 wolves
  3 laughing skulls (Crypt:2)
  2 starcursed masses (Abyss:3)
  A manticore skeleton (Crypt:2)
  7 centaurs
  A phantom (D:7)
  7 kobold brigands (D:11)
  A human zombie (Vaults:1)
  10 bullfrogs
  4 naga simulacra
  A gnoll sergeant (D:10)
  13 necrophages (Crypt:3)
  A demonspawn simulacrum (Coc:1)
  5 earth elementals
  7 wyvern skeletons (Crypt:3)
  A wight (D:9)
  2 human simulacra (Vaults:1)
  3 howler monkeys (D:13)
  An electric eel (Lair:2)
  5 lava snakes (Lair:5)
  14 orc priests
  7 hell rats
  13 orc wizards
  A boggart skeleton (Crypt:1)
  20 nameless horrors
  8 mummies
  A gnoll (D:10)
  A howler monkey skeleton (Crypt:2)
  38 orcs
  A frilled lizard skeleton (Crypt:2)
  A giant cockroach zombie (Crypt:1)
  A jackal skeleton (Crypt:2)
  6 kobolds (D:11)
  An aspiring flesh (Zot:3)
  11 foxfires (Lair:5)
  2 spectral weapons (Zot:5)
  2 tentacles (Hell)
2127 creatures vanquished.

Vanquished Creatures (others)
  An Ice Fiend (Coc:7)
  An Orb Guardian (Zot:5)
  24 eldritch tentacles
  A storm dragon (Zot:1)
  A wendigo (Coc:7)
  A spriggan air mage (Depths:1)
  A deep elf knight (Elf:2)
  A shadow wraith (Vaults:5)
  A spriggan simulacrum (Coc:6)
  A deep elf zephyrmancer (Elf:1)
  A vault sentinel (Vaults:3)
  A rust devil (Hell)
  A kobold demonologist (D:11)
  An anaconda simulacrum (Coc:7)
  A dire elephant simulacrum (Coc:7)
  A hell hound (Hell)
  A hell rat (Hell)
  An ufetubus (Abyss:2)
  An orc (Orc:2)
  A quokka (D:5)
  11 blazeheart cores
  747 foxfires
  4 starspawn tentacles (Abyss:3)
  9 tentacles
814 creatures vanquished.

Grand Total: 3767 creatures vanquished

Notes
Turn   | Place    | Note
-------+----------+-------------------------------------------
     0 | D:1      | Colgate the Demonspawn Fire Elementalist began the quest
                  | for the Orb.
     0 | D:1      | Reached XP level 1. HP: 13/13 MP: 3/3
   351 | D:1      | Gained mutation: When seriously injured, your blood forms
                  | armour. (AC +0) [demonic ancestry]
   351 | D:1      | Reached XP level 2. HP: 19/19 MP: 0/5
   973 | D:2      | Learned a level 2 spell: Scorch
  1264 | D:2      | Gained mutation: You have a small tail. [demonic ancestry]
  1264 | D:2      | Reached XP level 3. HP: 24/24 MP: 1/6
  1430 | D:2      | Identified the +0 robe of Weightlessness {Str+5}
  2090 | D:3      | Found a faded altar of an unknown god.
  2207 | D:3      | Gained mutation: When seriously injured, your blood forms
                  | thick armour. (AC +0) [demonic ancestry]
  2207 | D:3      | Reached XP level 4. HP: 30/30 MP: 3/7
  2499 | D:3      | Noticed a phantom
  2507 | D:3      | Killed a phantom
  2508 | D:3      | Reached skill level 5 in Fire Magic
  2508 | D:3      | Reached XP level 5. HP: 24/35 MP: 0/8
  2704 | D:3      | Noticed an ice beast
  3197 | D:3      | Learned a level 4 spell: Flame Wave
  3220 | D:3      | Killed an ice beast
  3221 | D:3      | Gained mutation: You regenerate magic rapidly. [demonic
                  | ancestry]
  3221 | D:3      | Reached XP level 6. HP: 41/41 MP: 4/10
  3492 | D:4      | Noticed Eustachio
  3672 | D:4      | Found a sand-covered staircase.
  3681 | Ossuary  | Entered an ossuary
  4029 | Ossuary  | Gained mutation: You sometimes gain a little power by
                  | taking damage. [demonic ancestry]
  4029 | Ossuary  | Reached XP level 7. HP: 46/46 MP: 1/11
  4043 | Ossuary  | Reached skill level 5 in Conjurations
  4442 | D:4      | Killed Eustachio
  4508 | D:4      | Noticed Robin
  4518 | D:4      | Killed Robin
  4650 | D:5      | Entered Level 5 of the Dungeon
  4763 | D:5      | Noticed a wraith
  4821 | D:5      | Killed a wraith
  4822 | D:5      | Gained mutation: When hurt, damage is shared between your
                  | health and your magic reserves. [demonic ancestry]
  4822 | D:5      | Reached XP level 8. HP: 35/52 MP: 0/12
  5022 | D:5      | Identified the +0 helmet of Impermeability {rPois rN+
                  | Will-}
  5035 | D:5      | Noticed Prince Ribbit
  5111 | D:5      | Noticed Sigmund
  5171 | D:5      | Killed Sigmund
  5173 | D:5      | Noticed Grinder
  5175 | D:5      | Learned a level 2 spell: Blink
  5180 | D:5      | Killed Grinder
  5185 | D:5      | Learned a level 3 spell: Volatile Blastmotes
  5276 | D:5      | Found an ancient bone altar of Kikubaaqudgha.
  5293 | D:5      | Killed Prince Ribbit
  5294 | D:5      | Reached skill level 2 in Fighting
  5472 | D:5      | Found a staircase to the Ecumenical Temple.
  5481 | Temple   | Entered the Ecumenical Temple
  5506 | Temple   | Became a worshipper of Dithmenos the Shadowed
  5722 | D:6      | Reached skill level 3 in Fighting
  5955 | D:6      | Reached skill level 4 in Fighting
  5955 | D:6      | Gained mutation: You have a tail ending in a sharp stinger.
                  | [demonic ancestry]
  5955 | D:6      | Reached XP level 9. HP: 65/65 MP: 8/13
  6528 | D:6      | Reached skill level 1 in Summonings
  7360 | D:6      | Learned a level 4 spell: Summon Blazeheart Golem
  7664 | D:7      | Reached * piety under Dithmenos
  7893 | D:7      | Reached skill level 5 in Spellcasting
  8685 | D:7      | Found an iron altar of Okawaru.
  9000 | D:7      | Found a hazy altar of Hepliaklqana.
  9003 | D:7      | Found a bloodstained altar of Trog.
  9019 | D:7      | Found a sparkling altar of Nemelex Xobeh.
  9188 | D:8      | Reached skill level 5 in Summonings
  9285 | D:8      | Found a flagged portal.
  9426 | Bailey   | Entered a bailey
  9451 | Bailey   | Reached ** piety under Dithmenos
  9586 | Bailey   | Gained mutation: When seriously injured, your blood forms
                  | very thick armour. (AC +0) [demonic ancestry]
  9586 | Bailey   | Reached XP level 10. HP: 73/73 MP: 13/17
 10212 | D:8      | Noticed a gargoyle
 10221 | D:8      | Killed a gargoyle
 10776 | D:9      | Found a snail-covered altar of Cheibriados.
 11090 | D:10     | Entered Level 10 of the Dungeon
 11240 | D:10     | Found a staircase to the Lair.
 11248 | D:10     | Noticed a death yak
 11254 | D:9      | Reached *** piety under Dithmenos
 11372 | D:10     | Reached skill level 10 in Summonings
 11545 | D:10     | Found a runed translucent door.
 11592 | D:10     | Killed a death yak
 11824 | D:10     | Got the Book of Trauma
 11919 | D:10     | Noticed a green very ugly thing
 11940 | D:10     | Noticed a deep elf pyromancer
 11954 | D:10     | Noticed a cyclops
 12083 | D:11     | Reached XP level 11. HP: 78/78 MP: 10/18
 12096 | D:11     | Learned a level 6 spell: Summon Cactus Giant
 12133 | D:11     | Noticed a boulder beetle
 12150 | D:11     | Killed a boulder beetle
 12419 | D:11     | Found a staircase to the Orcish Mines.
 12553 | D:11     | Noticed Maurice
 12603 | D:11     | Something stole 3 throwing nets {!f}
 12621 | D:11     | Noticed a two-headed ogre
 12756 | D:11     | Noticed a two-headed ogre
 12867 | D:11     | Reached **** piety under Dithmenos
 13007 | D:11     | Learned a level 4 spell: Martyr's Knell
 13058 | D:11     | Noticed Sonja
 13063 | D:11     | Killed Sonja
 13166 | D:11     | Noticed Lodul
 13190 | D:11     | Killed a two-headed ogre
 13315 | D:11     | Killed Lodul
 13483 | D:10     | Noticed a seven-headed hydra
 13536 | D:11     | Killed Maurice
 13783 | D:11     | Reached skill level 1 in Shields
 13920 | D:12     | Found a portal to a secret trove of treasure.
 13925 | D:12     | Noticed Snorg
 13928 | D:12     | Noticed a brown ugly thing
 13935 | D:12     | Killed a brown ugly thing
 13944 | D:12     | Killed Snorg
 14170 | D:12     | Noticed a centaur warrior
 14176 | D:12     | Killed a centaur warrior
 14177 | D:12     | Reached XP level 12. HP: 80/85 MP: 6/24
 14202 | D:12     | Reached skill level 5 in Shields
 14375 | D:12     | Found a runed translucent gate.
 14375 | D:12     | Found a runed translucent gate.
 14375 | D:12     | Found a runed translucent gate.
 14377 | D:12     | Noticed an azure jelly
 14377 | D:12     | Noticed a rockslime
 14378 | D:12     | Noticed an acid blob
 14378 | D:12     | Noticed temujin's ghost (journeyman HuWn)
 14378 | D:12     | Noticed an acid blob
 14378 | D:12     | Noticed an azure jelly
 14379 | D:12     | Noticed an azure jelly
 14379 | D:12     | Noticed an azure jelly
 14379 | D:12     | Noticed an azure jelly
 14380 | D:12     | Noticed a great orb of eyes
 14381 | D:12     | Found a viscous altar of Jiyva.
 14431 | D:12     | Noticed Josephine
 14440 | D:12     | Killed Josephine
 14440 | D:12     | Reached ***** piety under Dithmenos
 14451 | D:12     | Noticed a two-headed ogre
 14457 | D:12     | Killed a two-headed ogre
 15186 | D:12     | Noticed Erolcha
 15201 | D:12     | Killed Erolcha
 15436 | Lair:1   | Entered Level 1 of the Lair of Beasts
 15442 | Lair:1   | Learned a level 4 spell: Summon Lightning Spire
 15900 | Lair:1   | Reached skill level 10 in Spellcasting
 15925 | Lair:1   | Reached skill level 1 in Evocations
 15931 | Lair:1   | Reached skill level 5 in Fighting
 16222 | Lair:1   | Reached skill level 6 in Fighting
 16605 | Lair:1   | Reached skill level 1 in Invocations
 16733 | Lair:2   | Gained mutation: You sometimes gain power by taking damage.
                  | [demonic ancestry]
 16733 | Lair:2   | Reached XP level 13. HP: 94/94 MP: 25/27
 16787 | Lair:2   | Reached skill level 5 in Invocations
 17447 | Lair:2   | Found a staircase to the Shoals.
 17807 | Lair:3   | Found a hole to the Spider Nest.
 18912 | Lair:4   | Reached skill level 10 in Invocations
 19540 | Lair:4   | Identified the +0 robe of Ejil {rElec rPois rC+ Int+4}
 19992 | Lair:5   | Entered Level 5 of the Lair of Beasts
 20044 | Lair:5   | Found a viscous altar of Jiyva.
 20056 | Lair:5   | Found a staircase to the Slime Pits.
 20114 | Lair:5   | Learned a level 4 spell: Passage of Golubria
 20371 | Lair:4   | Reached skill level 7 in Fighting
 20799 | Lair:5   | Reached skill level 8 in Fighting
 21022 | Lair:5   | Reached ****** piety under Dithmenos
 21395 | Lair:5   | Reached skill level 9 in Fighting
 22124 | Lair:5   | Found a large runed translucent door.
 22124 | Lair:5   | Found a large runed translucent door.
 22182 | Lair:5   | Reached XP level 14. HP: 108/108 MP: 23/28
 22196 | Lair:5   | Reached skill level 5 in Dodging
 23130 | Lair:5   | Reached skill level 10 in Fighting
 23346 | Orc:1    | Entered Level 1 of the Orcish Mines
 23563 | Orc:2    | Entered Level 2 of the Orcish Mines
 23563 | Orc:2    | Noticed Jorgrun
 24160 | D:13     | Reached skill level 11 in Fighting
 24227 | D:13     | Found Cyriudiu's Armour Shop.
 25154 | D:14     | Reached skill level 10 in Conjurations
 25250 | D:14     | Reached skill level 1 in Earth Magic
 25261 | D:14     | Found a gate to the Vaults.
 25742 | D:15     | Entered Level 15 of the Dungeon
 25934 | D:15     | Found a transporter.
 25938 | D:15     | Found a transporter.
 25939 | D:15     | Found a transporter.
 25944 | D:15     | Found a sparkling altar of Nemelex Xobeh.
 25944 | D:15     | Noticed a juggernaut
 25945 | D:15     | Found a transporter.
 25945 | D:15     | Found a transporter.
 25949 | D:15     | Found a transporter.
 26272 | D:15     | Gained mutation: When low on magic, you restore magic in
                  | place of health. [demonic ancestry]
 26272 | D:15     | Reached XP level 15. HP: 118/118 MP: 29/29
 26305 | D:15     | Reached skill level 5 in Earth Magic
 26569 | D:15     | Noticed a frost giant
 26578 | D:15     | Killed a frost giant
 26613 | D:15     | Found a staircase to the Depths.
 26770 | Orc:2    | Noticed Rupert
 26779 | Orc:2    | Killed Jorgrun
 26784 | Orc:2    | Killed Rupert
 27106 | D:13     | Found Cyriudiu's Armour Shop.
 27620 | D:11     | Found a staircase to the Orcish Mines.
 29166 | Orc:2    | Found a staircase to the Elven Halls.
 29312 | Orc:2    | Found Heuxka's Jewellery Shop.
 29542 | Orc:2    | Found Joscheg's Jewellery Shoppe.
 29544 | Orc:2    | Found Edaip's Antique Armour Shoppe.
 29570 | Orc:2    | Found Migha's Antique Armour Shoppe.
 29727 | Orc:2    | Found Heuxka's Jewellery Shop.
 29738 | Orc:2    | Found Joscheg's Jewellery Shoppe.
 29740 | Orc:2    | Found Edaip's Antique Armour Shoppe.
 29752 | Orc:2    | Found Migha's Antique Armour Shoppe.
 29968 | Orc:2    | Found a staircase to the Elven Halls.
 30397 | Orc:2    | Learned a level 6 spell: Bombard
 30996 | Orc:2    | Bought a +6 ring of intelligence for 468 gold pieces
 31000 | Orc:2    | Bought a +6 ring of intelligence for 468 gold pieces
 31025 | Orc:2    | Bought a ring of protection from fire for 425 gold pieces
 31420 | Elf:1    | Entered Level 1 of the Elven Halls
 31956 | Elf:1    | Noticed a deep elf sorcerer
 31966 | Elf:1    | Killed a deep elf sorcerer
 32222 | Elf:1    | Reached skill level 10 in Earth Magic
 32389 | Elf:1    | Found a huge runed translucent gate.
 32389 | Elf:1    | Found a huge runed translucent gate.
 32404 | Elf:1    | Found a huge runed translucent gate.
 32404 | Elf:1    | Found a huge runed translucent gate.
 32404 | Elf:1    | Found a huge runed translucent gate.
 32404 | Elf:1    | Found a huge runed translucent gate.
 32404 | Elf:1    | Found a huge runed translucent gate.
 32405 | Elf:1    | Found a huge runed translucent gate.
 32405 | Elf:1    | Found a huge runed translucent gate.
 32405 | Elf:1    | Found a huge runed translucent gate.
 32405 | Elf:1    | Found a huge runed translucent gate.
 32405 | Elf:1    | Found a huge runed translucent gate.
 32406 | Elf:1    | Found a huge runed translucent gate.
 32406 | Elf:1    | Found a huge runed translucent gate.
 32406 | Elf:1    | Found a huge runed translucent gate.
 32406 | Elf:1    | Found a huge runed translucent gate.
 32407 | Elf:1    | Found a huge runed translucent gate.
 32407 | Elf:1    | Found a huge runed translucent gate.
 32407 | Elf:1    | Found a huge runed translucent gate.
 32407 | Elf:1    | Found a huge runed translucent gate.
 32408 | Elf:1    | Noticed a deep elf master archer
 32727 | Elf:1    | Identified the ring "Cejit" {rF+ Int+2}
 33256 | Elf:1    | Gained mutation: You have a sharp stinger which inflicts
                  | weakening toxins. [demonic ancestry]
 33256 | Elf:1    | Reached XP level 16. HP: 118/125 MP: 17/31
 33492 | Elf:1    | Killed a deep elf master archer
 34829 | Elf:2    | Identified the serpent talisman of the Eight Boll Weevils
                  | {rElec rC+}
 34829 | Elf:2    | Noticed Aizul
 34846 | Elf:2    | Killed Aizul
 34945 | Elf:2    | Found a huge runed translucent gate.
 34945 | Elf:2    | Found a huge runed translucent gate.
 34945 | Elf:2    | Found a huge runed translucent gate.
 34945 | Elf:2    | Found a huge runed translucent gate.
 34945 | Elf:2    | Found a huge runed translucent gate.
 35438 | Elf:2    | Reached skill level 5 in Stealth
 35963 | Elf:2    | Reached skill level 12 in Fighting
 36125 | Elf:3    | Entered Level 3 of the Elven Halls
 36685 | Elf:3    | Gained mutation: You are robust. (+10% HP) [demonic
                  | ancestry]
 36685 | Elf:3    | Reached XP level 17. HP: 127/148 MP: 11/32
 36837 | Elf:3    | Identified the +1 robe "Zeorch" {rN++}
 36995 | Elf:3    | Noticed a deep elf blademaster
 37002 | Elf:3    | Noticed a deep elf blademaster
 37106 | Elf:3    | Killed a deep elf blademaster
 37107 | Elf:3    | Reached skill level 13 in Fighting
 37129 | Elf:3    | Killed a deep elf blademaster
 37757 | Elf:3    | Identified the +1 broad axe of the Hero {distort, rC+
                  | Dex+3}
 38013 | Elf:3    | Reached skill level 14 in Fighting
 38013 | Elf:3    | Identified the +1 leather armour of Past Mistakes {Dex+4}
 38511 | Elf:3    | Identified the +0 robe "Wemel" {^Drain rPois rC- SInv}
 38702 | Orc:2    | Bought a ring of willpower for 425 gold pieces
 39232 | Elf:3    | Identified the +9 quarterstaff of Okawaru's Anger {freeze,
                  | rCorr Str+3}
 39863 | Elf:3    | Identified the +10 plate armour of the Depths {rF+ rCorr
                  | Dex-2}
 39863 | Elf:3    | Noticed a deep elf master archer
 39936 | Elf:3    | Killed a deep elf master archer
 40349 | Elf:3    | Reached skill level 15 in Fighting
 40669 | Elf:3    | Identified the +0 gold dragon scales "Nuots" {rPois rF+ rC+
                  | Str-2 Int+7 Dex+2}
 40669 | Elf:3    | Noticed a deep elf master archer
 41225 | Elf:3    | Killed a deep elf master archer
 42353 | Abyss:2  | Cast into level 2 of the Abyss (a deep elf sorcerer)
 42383 | Abyss:2  | Found a corrupted altar of Lugonu.
 42414 | Abyss:2  | Gained mutation: Your magical capacity is low. (-10% MP) [a
                  | neqoxec]
 42430 | Abyss:3  | Noticed a kraken
 42442 | Abyss:3  | Noticed a Hell Sentinel
 42500 | Abyss:3  | Gained mutation: You are clumsy. (Dex -2) [a neqoxec]
 42582 | Abyss:3  | Found a corrupted altar of Lugonu.
 42645 | Abyss:3  | Found a corrupted altar of Lugonu.
 42684 | Abyss:3  | Noticed a bone dragon
 42783 | Abyss:3  | Noticed a hellephant
 42804 | Elf:3    | Escaped the Abyss
 43198 | Elf:3    | Reached skill level 10 in Dodging
 44055 | Elf:3    | Identified the +6 arbalest "Bizaull" {flame, rCorr}
 44351 | Elf:3    | Got the Quarto of Tephra
 44353 | Elf:3    | Identified the staff of Fuduhe {Will+ Earth}
 44371 | Elf:3    | Identified the +2 pair of gloves "Coatumi" {rElec rN+ SInv}
 44389 | Elf:3    | Identified the +2 chain mail of the Volcano {Str+2}
 44416 | Elf:3    | Got Qety's Secrets of the Volcanic Traveller
 45413 | Depths:1 | Entered Level 1 of the Depths
 46052 | Depths:1 | Reached XP level 18. HP: 156/163 MP: 5/29
 46401 | D:15     | Found a transporter.
 46403 | D:15     | Found a transporter.
 46404 | D:15     | Found a transporter.
 46404 | D:15     | Found a sparkling altar of Nemelex Xobeh.
 46416 | D:15     | Found a transporter.
 46417 | D:15     | Found a transporter.
 46426 | D:15     | Found a transporter.
 46510 | D:15     | Found a staircase to the Depths.
 46948 | Depths:1 | Found Tyise's Armour Emporium.
 47216 | Depths:1 | Identified a scroll of acquirement
 47459 | Depths:1 | Noticed a caustic shrike
 47506 | Depths:2 | Found a one-way gateway to a ziggurat.
 47508 | Depths:2 | Noticed a golden dragon
 47534 | Depths:2 | Killed a golden dragon
 47902 | Depths:1 | Found a gateway to Hell.
 48354 | Depths:1 | Noticed a tentacled monstrosity
 48383 | Depths:1 | Killed a tentacled monstrosity
 49123 | Elf:3    | Acquired Suacum's Directory of Assembling
 49133 | Elf:3    | Learned a level 7 spell: Spellforged Servitor
 49547 | Depths:2 | Found Miemiull's Armour Shop.
 49826 | Depths:2 | Found a one-way gate to the infinite horrors of the Abyss.
 49935 | Depths:2 | Reached skill level 15 in Summonings
 50058 | Depths:2 | Noticed a lich
 50076 | Depths:2 | Killed a lich
 50126 | Depths:2 | Lost mutation: Your magical capacity is low. (-10% MP)
                  | [potion of mutation]
 50126 | Depths:2 | Lost mutation: You are clumsy. (Dex -2) [potion of
                  | mutation]
 50126 | Depths:2 | Gained mutation: You passively map a small area around you.
                  | [potion of mutation]
 50126 | Depths:2 | Gained mutation: You have a pair of small horns on your
                  | head. [potion of mutation]
 50126 | Depths:2 | Gained mutation: Your mind is acute. (Int +4, Str/Dex -1)
                  | [potion of mutation]
 50313 | Depths:4 | Entered Level 4 of the Depths
 50337 | Depths:2 | Learned a level 7 spell: Summon Hydra
 50544 | Spider:1 | Entered Level 1 of the Spider Nest
 51652 | Spider:1 | You are sucked into a shaft and drop 1 floor!
 51972 | Spider:1 | Reached XP level 19. HP: 170/170 MP: 21/35
 52643 | Spider:2 | Reached skill level 16 in Fighting
 52847 | Spider:2 | Noticed Donald
 52855 | Spider:2 | Killed Donald
 53298 | Spider:3 | Noticed Asterion
 53924 | Spider:3 | Reached skill level 17 in Fighting
 53928 | Spider:3 | Noticed Arachne
 53942 | Spider:3 | Killed Arachne
 54246 | Spider:3 | Killed Asterion
 54532 | Shoals:1 | Entered Level 1 of the Shoals
 56451 | Shoals:2 | Noticed Polyphemus
 56501 | Shoals:2 | Killed Polyphemus
 56703 | Shoals:2 | Found Biaf's Weapon Shoppe.
 57752 | Shoals:3 | Found Fiowaog's Assorted Antiques.
 58035 | Shoals:3 | Learned a level 8 spell: Lehudib's Crystal Spear
 58378 | Shoals:3 | Noticed Bai Suzhen
 59144 | Spider:4 | Entered Level 4 of the Spider Nest
 59227 | Spider:4 | Identified the +2 leather armour of Marbles {Will+}
 59331 | Spider:4 | Reached XP level 20. HP: 184/184 MP: 27/36
 61717 | Spider:4 | Got a gossamer rune of Zot
 62738 | Shoals:4 | Entered Level 4 of the Shoals
 63570 | Shoals:4 | Found a transporter.
 64135 | Shoals:4 | Noticed iamserjio's ghost (journeyman VSMo)
 64353 | Shoals:4 | Found a transporter.
 68742 | Shoals:4 | Got a barnacled rune of Zot
 68744 | Shoals:4 | Got an azure gem with 0 turns to spare
 68766 | Shoals:4 | Identified the +10 arbalest of Desperation {drain, rF+ rN+
                  | Str-5 SInv}
 69710 | Vaults:1 | Entered Level 1 of the Vaults
 69910 | Vaults:1 | Found a magical portal.
 69927 | WizLab   | Entered Maxwell's Workshop
 70861 | WizLab   | Identified the +8 hand axe of the Kidney {freeze, rPois rF+
                  | Int+4}
 71554 | WizLab   | Identified the +1 robe of the Skies Above {Harm Regen+ MP+9
                  | Str-3}
 71555 | WizLab   | Identified the ring of Hyawext {Ice Str+3 Dex+2}
 71566 | WizLab   | Identified the ring "Naggua Cami" {Ice Will- rCorr Str+2}
 71571 | WizLab   | Identified the ring "Odaeleo" {Fire Fly rElec}
 71630 | WizLab   | Gained mutation: You are powered by pain. [demonic
                  | ancestry]
 71630 | WizLab   | Reached XP level 21. HP: 191/191 MP: 26/37
 73504 | Vaults:1 | Noticed Zenata
 73522 | Vaults:1 | Killed Zenata
 74220 | Vaults:2 | Found a crumbling gateway.
 74264 | Desolati | Entered the Desolation of Salt
 74507 | Desolati | Identified the ring "Ysesh" {rF++ rC- Int+4 Dex+6}
 74514 | Desolati | Identified the staff "Gechuir" {Will++ Int+3 Earth}
 74516 | Desolati | Found the +3 pair of seven-league boots {Rampage+∞}
 74836 | Vaults:2 | Noticed Norris
 74847 | Vaults:2 | Killed Norris
 77198 | Vaults:3 | Learned a level 9 spell: Dragon's Call
 77619 | Vaults:3 | Reached skill level 15 in Spellcasting
 77727 | Vaults:3 | Found a staircase to the Crypt.
 78513 | Vaults:3 | Reached XP level 22. HP: 199/199 MP: 27/41
 79489 | Vaults:4 | Noticed Boris
 79653 | Vaults:4 | Noticed Margery
 79657 | Vaults:4 | Killed Margery
 80097 | Vaults:4 | Found Zail's Antique Armour Emporium.
 80590 | Vaults:4 | Identified the +6 mace of Corruption {pain, SInv}
 81096 | Vaults:4 | Reached skill level 18 in Fighting
 81238 | Vaults:4 | Identified the +2 arbalest "Lock" {drain, Int+2 Dex+3}
 81242 | Vaults:4 | Identified the +7 arbalest "Giant's Bane" {flame, ^Contam
                  | +Blink rPois}
 82114 | Vaults:4 | Noticed Xtahua
 82126 | Vaults:4 | Killed Xtahua
 82438 | Depths:1 | You are sucked into a shaft and drop 1 floor!
 82502 | Depths:2 | Noticed a caustic shrike
 82502 | Depths:2 | Noticed a caustic shrike
 82505 | Depths:2 | Killed a caustic shrike
 82506 | Depths:2 | Reached skill level 19 in Fighting
 82507 | Depths:2 | Killed a caustic shrike
 82509 | Depths:2 | Noticed a juggernaut
 82532 | Depths:2 | Killed a juggernaut
 83659 | Depths:2 | Found a one-way gate leading to the halls of Pandemonium.
 83796 | Depths:3 | Noticed a golden dragon
 83807 | Depths:3 | Killed a golden dragon
 84252 | Depths:3 | Noticed a caustic shrike
 84257 | Depths:3 | Killed a caustic shrike
 84258 | Depths:3 | Reached skill level 15 in Conjurations
 84258 | Depths:3 | Reached XP level 23. HP: 204/215 MP: 20/43
 84376 | Depths:3 | Noticed a caustic shrike
 84398 | Depths:3 | Killed a caustic shrike
 84477 | Depths:3 | Identified the ring "Koux" {Ice Int+3}
 84765 | Depths:3 | Found Sesuz's Book Emporium.
 84765 | Depths:3 | Found Rukuwo's Jewellery Boutique.
 84767 | Depths:3 | Found Oparris's Jewellery Boutique.
 85183 | Depths:4 | Got the Collected Works on Heavy Algor
 86194 | Depths:4 | Reached skill level 20 in Fighting
 86326 | Depths:4 | Found a runed translucent door.
 86336 | Depths:4 | Found a runed translucent door.
 86352 | Depths:4 | Found a runed translucent door.
 86362 | Depths:4 | Found a runed translucent door.
 86373 | Depths:4 | Found a runed translucent door.
 86373 | Depths:4 | Found a runed translucent door.
 86637 | Depths:4 | Found a gate to the Realm of Zot.
 87297 | Hell     | Entered the Vestibule of Hell
 87298 | Hell     | Noticed Geryon
 87348 | Hell     | Noticed Murray
 87646 | Depths:2 | Killed Murray
 87790 | Depths:1 | Killed a caustic shrike
 89131 | Depths:1 | Found Tyise's Armour Emporium.
 89957 | Shoals:3 | Bought a scroll of blinking for 292 gold pieces
 89957 | Shoals:3 | Bought a scroll of teleportation for 117 gold pieces
 89957 | Shoals:3 | Bought a wand of iceblast (8) for 748 gold pieces
 89957 | Shoals:3 | Bought a scroll of summoning for 370 gold pieces
 90552 | Hell     | Reached skill level 21 in Fighting
 91237 | Hell     | Gained mutation: You have sharp toenails. [mutagenic glow]
 91711 | Crypt:1  | Entered Level 1 of the Crypt
 92389 | Crypt:1  | Learned a level 7 spell: Malign Gateway
 92470 | Crypt:2  | Found a runed translucent door.
 92470 | Crypt:2  | Noticed Wethrebo's ghost (adept DgNe)
 92477 | Crypt:2  | Noticed Sojobo
 92529 | Crypt:2  | Killed Sojobo
 93429 | Crypt:2  | Gained mutation: You are very robust. (+20% HP) [demonic
                  | ancestry]
 93429 | Crypt:2  | Reached XP level 24. HP: 221/251 MP: 19/43
 93477 | Crypt:2  | Reached skill level 22 in Fighting
 93984 | Crypt:2  | Reached skill level 1 in Shapeshifting
 94032 | Crypt:2  | Got the Notes on the Cemetery
 94362 | Crypt:2  | Killed Wethrebo's ghost
 95894 | Shoals:3 | Killed Bai Suzhen
 95928 | Shoals:3 | Found Fiowaog's Assorted Antiques.
 96533 | Shoals:4 | Killed iamserjio's ghost
 96539 | Shoals:4 | Identified the +8 dagger "Zoust" {heavy, rPois rN+++ Will-
                  | MP-9}
 96955 | D:12     | Killed temujin's ghost
 97093 | D:12     | Reached skill level 5 in Shapeshifting
 97257 | D:15     | Identified the +0 mace "Tusmamm" {flame, rElec rPois rCorr
                  | Str-3}
 97336 | D:15     | Killed a juggernaut
 98027 | Crypt:3  | Entered Level 3 of the Crypt
 99445 | Crypt:3  | Found a staircase to the Tomb.
 99985 | Crypt:3  | Found a basalt altar of Yredelemnul.
101072 | Crypt:3  | Identified the orb "Femien" {*channel, *Slow rC+ Str+2}
101100 | Crypt:3  | Identified the +9 plate armour "Ofygal" {Dex+2}
101165 | Crypt:2  | Learned a level 3 spell: Swiftness
101754 | Tomb:1   | Entered Level 1 of the Tomb of the Ancients
102165 | Tomb:1   | Reached skill level 10 in Shapeshifting
103515 | Vaults:5 | Entered Level 5 of the Vaults
103573 | Vaults:5 | Identified the +6 halberd "Beast's Demise" {freeze, +Blink
                  | Str+4}
103573 | Vaults:5 | Identified the ring of Raar {rCorr Int+6 Slay+3}
103584 | Vaults:5 | Gained mutation: You are extremely robust. (+30% HP)
                  | [demonic ancestry]
103584 | Vaults:5 | Reached XP level 25. HP: 96/283 MP: 8/43
104253 | Vaults:5 | Got a silver rune of Zot
104254 | Vaults:5 | Identified the +4 broad axe "Pendulum" {drain, Stlth+}
104425 | Vaults:5 | Found Ydifagak's General Store.
104440 | Vaults:5 | Bought a scroll of blinking for 105 gold pieces
104464 | Vaults:5 | Identified the +6 lajatang of the Telling Gods {antimagic,
                  | rF+ rN+ rCorr Str-4}
104514 | Vaults:5 | Identified the amulet "Xisib" {-Cast rF+ rC+ Regen+ Str+8}
104622 | Vaults:5 | Noticed Saint Roka
104635 | Vaults:5 | Killed Saint Roka
104827 | Vaults:5 | Noticed Mara
104836 | Vaults:5 | Killed Mara
105107 | Vaults:5 | Found the +6 shillelagh "Devastator" {shatter}
106068 | Vaults:5 | Found Ydifagak's General Store.
107162 | Slime:1  | Entered Level 1 of the Pits of Slime
107174 | Slime:1  | Reached skill level 15 in Shapeshifting
107452 | Slime:5  | Entered Level 5 of the Pits of Slime
108053 | Slime:5  | Noticed the Royal Jelly
108068 | Slime:5  | Killed the Royal Jelly
108633 | Slime:5  | Reached XP level 26. HP: 293/293 MP: 21/43
109006 | Slime:5  | Found the +16 obsidian axe {drain, demonic, Mesm ^Drain Fly
                  | SInv}
109024 | Slime:5  | Identified the +4 sling "Oner" {drain, rElec}
109029 | Slime:5  | Identified the +3 longbow of Fuokhlud {drain, rCorr Int+3}
109044 | Slime:5  | Identified the staff of the Wilderness {rC+ rN+++ rCorr
                  | Str+3 Int-2 Ice}
109069 | Slime:5  | Got a slimy rune of Zot
109091 | Slime:5  | Identified the staff of Quantum Leap {rF+ rN+ Int+7 Dex+3
                  | Necro}
109096 | Slime:5  | Identified the +5 war axe of the End of Times {freeze,
                  | Int+4 Dex-2}
109102 | Slime:5  | Identified the +2 ring mail "Wocreer" {rC+}
110940 | Hell     | Killed Geryon
111100 | Hell     | Found a gateway to the decaying netherworld of Tartarus.
111150 | Hell     | Found a gateway to the ashen valley of Gehenna.
111459 | Hell     | Found a gateway to the freezing wastes of Cocytus.
111679 | Hell     | Found a gateway to the Iron City of Dis.
111964 | Zot:1    | Entered Level 1 of the Realm of Zot
112655 | Zot:1    | Paralysed by a Zot trap for 4 turns
113116 | Zot:1    | You are sucked into a shaft and drop 1 floor!
114394 | Zot:1    | Found a burning altar of Makhleb.
115733 | Zot:2    | Identified the ring of Lies {Fly rF+ Str+6 Int+3}
116696 | Zot:3    | Reached XP level 27. HP: 295/301 MP: 29/43
119686 | Zot:4    | Identified the +2 cloak "Deishral" {Str+2}
119687 | Zot:4    | Found a bloodstained altar of Trog.
119687 | Zot:4    | Noticed Dyfes's ghost (legendary OnFi)
119688 | Zot:4    | Identified the +1 cloak of the Eternal Fruit {^Contam rPois
                  | Regen+}
120208 | Zot:4    | Found a transporter.
120217 | Zot:4    | Found a transporter.
120806 | Zot:5    | Entered Level 5 of the Realm of Zot
120919 | Zot:5    | Noticed an orb of fire
120920 | Zot:5    | Noticed an orb of fire
121020 | Zot:5    | Noticed an ancient lich
121020 | Zot:5    | Noticed a dread lich
121020 | Zot:5    | Noticed a dread lich
121020 | Zot:5    | Noticed a dread lich
121026 | Zot:4    | Killed a dread lich
121112 | Zot:5    | Killed an orb of fire
121116 | Zot:5    | Noticed a dread lich
121194 | Zot:5    | Killed a dread lich
121197 | Zot:5    | Killed an orb of fire
121199 | Zot:5    | Killed a dread lich
121212 | Zot:5    | Killed an ancient lich
121300 | Zot:5    | Killed a dread lich
121852 | Zot:5    | Noticed an orb of fire
121867 | Zot:5    | Killed an orb of fire
122040 | Zot:5    | Noticed an ancient lich
122259 | Zot:5    | Noticed an orb of fire
122261 | Zot:5    | Gained mutation: Your flesh is heat resistant. (rF+) [an
                  | orb of fire]
122274 | Zot:5    | Killed an orb of fire
122305 | Zot:5    | Reached skill level 10 in Shields
122319 | Zot:5    | Killed an ancient lich
122406 | Zot:5    | Noticed a dread lich
122409 | Zot:5    | Noticed a dread lich
122411 | Zot:5    | Killed a dread lich
122417 | Zot:5    | Killed a dread lich
122427 | Zot:5    | Noticed an ancient lich
122444 | Zot:5    | Killed an ancient lich
122517 | Zot:5    | Noticed an ancient lich
122526 | Zot:5    | Killed an ancient lich
122556 | Zot:5    | Noticed a dread lich
122558 | Zot:5    | Noticed a dread lich
122560 | Zot:5    | Killed a dread lich
122565 | Zot:5    | Killed a dread lich
123307 | Zot:5    | Identified the +4 rapier "Udiyhewn" {flame, rCorr Int+2}
123650 | Depths:3 | Bought a talisman of death for 1360 gold pieces
123786 | Coc:1    | Entered Level 1 of Cocytus
123812 | Coc:1    | Paralysed by a wendigo for 1 turns
124812 | Coc:4    | Reached skill level 5 in Evocations
125656 | Coc:7    | Entered Level 7 of Cocytus
125808 | Coc:7    | Reached skill level 23 in Fighting
125943 | Coc:7    | Noticed the Serpent of Hell
125963 | Coc:7    | Killed the Serpent of Hell
125970 | Coc:7    | Paralysed by a wendigo for 1 turns
126582 | Coc:7    | Reached skill level 24 in Fighting
127182 | Coc:7    | Noticed Antaeus
127210 | Coc:7    | Killed Antaeus
127256 | Coc:7    | Got an icy rune of Zot
127259 | Coc:7    | Got Sysut's Precepts of Oromancy and Shades
127790 | Zot:5    | Got the Orb of Zot
128326 | D:1      | Noticed Vafa the pandemonium lord
128336 | D:1      | Killed Vafa the pandemonium lord
128361 | D:$      | Escaped with the Orb!

Illustrated notes

Levels and vault maps discovered:
D:1:      eino_arrival_cavern_b, layout_rooms, st_stairs_3
D:2:      layout_basic
D:3:      layout_loops_ring, shapermc_ecumenical_altar_starsandcircs,
          minivault_14, hangedman_decor_peaks_small
D:4:      layout_rooms, nicolae_ossuary_entry_ruins, uniq_robin, uniq_eustachio
D:5:      layout_cave_pools, lemuel_round_altar, lemuel_temple_firewalk_b,
          uniq_grinder, uniq_prince_ribbit1, uniq_sigmund
D:6:      layout_loops_corners
D:7:      layout_gridville, grunt_temple_overflow_cloverleaf
D:8:      layout_rooms, enter_bailey_5
D:9:      layout_rooms, mainiacjoe_overflow_cross_hatched
D:10:     layout_rooms, david_lair_generic, minivault_13
D:11:     layout_roguey [special_room_kobold], hiddenorc2_lemuel, uniq_sonja,
          uniq_maurice, uniq_lodul
D:12:     layout_roguey, gammafunk_ghost_ooze, enter_trove_0,
          serial_corexii_hall, chequers_hall_statues_wall_a,
          chequers_hall_statues_wall_a, corexii_hall_statues_x,
          corexii_hall_statues_x, uniq_snorg, uniq_erolcha, uniq_josephine
D:13:     layout_long_grid, serial_shops, shop
D:14:     layout_roguey, erik_vaults_1
D:15:     grunt_enter_depths_snipers, layout_basic, hellmonk_jugg_or_not
Temple:   regret_index_temple_sphere_string
Lair:1:   beast_lair_carwin_large_2, layout_small_grid
Lair:2:   layout_misc_corridors, minmay_shoals_entry_hut,
          infiniplex_staircase_pool, grunt_megastairs_2
Lair:3:   layout_concentric_octagons, spider_nest_entry_rubble
Lair:4:   layout_cave_pods
Lair:5:   cheibrodos_lair_end_hotspot, layout_cave_pods, slime_entry_1,
          st_stairs_13, disabler_island
Shoals:1: layout_shoals, nicolae_shoals_circle_sea_wall
Shoals:2: layout_shoals, serial_shops, shop, uniq_polyphemus
Shoals:3: layout_shoals, serial_shops, nicolae_shop_tiny_waterfront,
          uniq_bai_suzhen
Shoals:4: shoals_end_simple, layout_shoals, gammafunk_ghost_arena, yaktaur_hedge
Spider:1: layout_chambers
Spider:2: layout_spider_delve, uniq_donald
Spider:3: layout_spider_delve, nicolae_spider_swamp_cousins, uniq_arachne,
          uniq_asterion
Spider:4: grunt_spider_rune_circles
Slime:1:  layout_caves
Slime:2:  layout_caves
Slime:3:  layout_caves
Slime:4:  cheibrodos_slime_lost_civilization_3, layout_caves
Slime:5:  slime_pit_nicolae_royal_road_to_ruin
Orc:1:    layout_caves
Orc:2:    hellmonk_orc_salted, layout_diamond_mine, basic_altar, uniq_rupert,
          uniq_jorgrun
Elf:1:    elf_arrival_001, layout_rooms, hangedman_elf_represent
Elf:2:    elven_hall_of_blades_hangedman_alternative
          [nooodl_blade_entry_preview], layout_loops_cross,
          nicolae_elf_glass_and_crystal_pillar_1, uniq_aizul
Elf:3:    elf_hall, layout_loops_corners, hangedman_elven_crosses_minicolossus
Vaults:1: mu_enter_wizlab_6, nicolae_vaults_tetromino_T_2,
          hangedman_vaults_corner, nicolae_vaults_trapezoid_2,
          nicolae_vaults_network_square, nicolae_vaults_heart-shaped_vault,
          nicolae_vaults_variable_pillar_hall,
          nicolae_vaults_offset_grid_hallway_3, layout_vaults_omnigrid,
          uniq_zenata
Vaults:2: portal_desolation_entry_salt, v_alt_pattern_6, v_pattern_3, v_misc_22,
          nicolae_vaults_closet_pinwheel_6, nicolae_vaults_tetromino_L_2,
          nicolae_vaults_network_star, nicolae_vaults_trapezoid_4,
          nicolae_vaults_surprise_closet, layout_vaults_omnicross, uniq_norris
Vaults:3: minmay_crypt_entry_skeletal_spiral, nicolae_vaults_alarming,
          nicolae_vaults_storage_closets_2, nicolae_vaults_wine_cellar,
          ontoclasm_vaults_tryst, nicolae_vaults_meiosis, v_misc_16,
          hangedman_vaults_nails, v_rooms_1, nicolae_vaults_trapezoid_layered,
          nicolae_vaults_tetromino_T_2, nicolae_vaults_trapezoid_4,
          nicolae_vaults_double_plus_1, layout_vaults_ring
Vaults:4: nicolae_vaults_network_s, nicolae_vaults_yaktaur_gun_rack,
          nicolae_vaults_thirteen_compartments, nicolae_vaults_border_crossing,
          nicolae_vaults_wrenched, nicolae_vaults_steering_wheel,
          nicolae_vaults_more_shelving_1, nicolae_vaults_house_3,
          vaults_dpeg_diagonal, layout_vaults_chaotic_city, serial_shops,
          nicolae_shop_tiny_glass, uniq_margery, uniq_boris, uniq_xtahua
Vaults:5: uniq_mara, uniq_saint_roka
Crypt:1:  layout_misc_corridors
Crypt:2:  layout_gridlike, hellmonk_ghost_happy_afterlife, special_room
          [special_room_morgue], uniq_sojobo
Crypt:3:  evilmike_haunted_forest
Tomb:1
Depths:1: lemuel_traditional_vault, layout_basic,
          chequers_serial_rivers_large_b, serial_shops, shop,
          grunt_hell_entry_dis_grunt, kilobyte_rumbling_trees
Depths:2: minmay_outward_triangles, layout_honeycomb, enter_ziggurat_f,
          abyss_entry, hell_entry, rand_demon_pan_entry_4,
          minmay_misc_feat_enclosed, minmay_misc_feat_roman, minmay_shop_star
Depths:3: minmay_open_boxes_in_corner, layout_cave_pools,
          hangedman_decor_cross_pass, abyss_entry_small_statue_room, hell_entry,
          minmay_shop_grove, minmay_staircase_statues_hall_small
Depths:4: evilmike_zot_entry_castle, layout_gridlike, minmay_crystal_water,
          hangedman_geh_valley
Hell
Coc:1:    layout_ice_bergs
Coc:2:    layout_ice_bergs
Coc:3:    layout_cocytus_delve
Coc:4:    layout_cocytus_delve
Coc:5:    layout_ice_bergs
Coc:6:    layout_ice_bergs
Coc:7:    coc_grunt
Zot:1:    nicolae_zot_draconian_monastery, layout_twisted_circle
Zot:2:    kennysheep_oblong_rooms, layout_gridlike
Zot:3:    layout_cathedral_of_symmetry, regret_index_zotdec_misc_clamp,
          grunt_megastairs_1
Zot:4:    layout_gridlike, gammafunk_ghost_wrathful_warriors
Zot:5:    layout_gridville

Skill      XL: |  1  2  3  4  5  6  7  8  9 10 11 12 13 14 15 16 17 18 19 20 21 22 23 24 25 26 27 |
---------------+----------------------------------------------------------------------------------+-----
Fire Magic     | 3 4 5 6 |  6.0
Spellcasting   | 3 5 8 10 11 12 15 16 | 16.0
Conjurations   | 2 4 7 8 11 13 14 15 16 | 16.0
Translocations | 3 |  3.0
Fighting       | 4 6 9 11 12 15 17 19 21 22 24 | 24.8
Summonings     | 6 11 12 15 17 21 22 23 | 23.0
Dodging        | 3 4 5 7 10 11 13 | 13.0
Shields        | 4 7 13 | 13.1
Stealth        | 2 5 8 |  8.1
Evocations     | 2 3 8 |  8.1
Invocations    | 4 12 | 12.0
Earth Magic    | 4 10 11 12 | 12.0
Shapeshifting  | 11 16 20 23 | 23.0

Action                     |  1- 3 |  4- 6 |  7- 9 | 10-12 | 13-15 | 16-18 | 19-21 | 22-24 | 25-27 || total
---------------------------+-------+-------+-------+-------+-------+-------+-------+-------+-------++-------
  Melee: Unarmed           |     1 |       |       |       |       |       |       |       |       ||     1
         Staff             |       |     5 |     5 |    14 |    19 |     8 |    33 |       |    23 ||   107
         Tailslap          |       |     1 |     1 |     3 |     4 |     2 |    26 |    14 |    14 ||    65
         Trident           |       |       |     1 |     2 |   112 |     1 |     1 |       |       ||   117
         Headbutt          |       |       |       |       |       |       |    33 |    20 |    18 ||    71
         Hand axe          |       |       |       |       |       |       |    57 |    42 |     9 ||   108
   Cast: Foxfire           |    68 |   107 |   143 |    66 |    53 |     2 |       |       |       ||   439
         Scorch            |    10 |    26 |    74 |   101 |    79 |    80 |       |       |       ||   370
         Flame Wave        |       |     2 |     3 |     7 |    16 |     1 |       |       |       ||    29
         Volatile Blastmot |       |       |    32 |    29 |    11 |    27 |     1 |       |     1 ||   101
         Summon Blazeheart |       |       |    11 |    13 |       |       |       |       |       ||    24
         Summon Cactus Gia |       |       |       |    61 |   159 |   143 |   263 |     1 |       ||   627
         Martyr's Knell    |       |       |       |    41 |   182 |   155 |   313 |    70 |   166 ||   927
         Blink             |       |       |       |     1 |     7 |     6 |     1 |    14 |     2 ||    31
         Summon Lightning  |       |       |       |     4 |   152 |    45 |       |       |       ||   201
         Bombard           |       |       |       |       |    23 |   249 |   144 |       |       ||   416
         Passage of Golubr |       |       |       |       |     4 |       |       |    14 |     1 ||    19
         Spellforged Servi |       |       |       |       |       |    44 |   100 |   192 |   246 ||   582
         Summon Hydra      |       |       |       |       |       |     6 |   366 |       |       ||   372
         Lehudib's Crystal |       |       |       |       |       |       |    10 |   136 |   102 ||   248
         Dragon's Call     |       |       |       |       |       |       |     9 |   101 |   142 ||   252
         Malign Gateway    |       |       |       |       |       |       |       |     4 |    27 ||    31
 Invoke: Shadow Form       |       |       |       |       |       |       |     1 |       |       ||     1
  Evoke: Wand              |       |       |       |       |       |     1 |     6 |       |     5 ||    12
         Tin of tremorston |       |       |       |       |       |       |     2 |     1 |       ||     3
         Phantom mirror    |       |       |       |       |       |       |       |       |     1 ||     1
    Use: Potion            |       |     1 |       |     4 |     1 |     7 |     3 |     8 |     8 ||    32
         Scroll            |       |       |    10 |     9 |    18 |    17 |    14 |     4 |    23 ||    95
   Stab: Distracted        |       |       |       |       |     3 |     1 |     2 |     2 |     2 ||    10
         Sleeping          |       |       |       |       |       |       |     1 |       |       ||     1
 Armour: Robe              |     7 |    11 |    54 |    91 |   256 |   259 |   352 |   321 |   281 ||  1632
         Animal skin       |       |       |    12 |       |       |       |       |       |       ||    12
         Troll leather arm |       |       |       |    37 |     9 |       |       |       |       ||    46
  Dodge: Dodged            |    13 |    20 |    63 |   120 |   152 |   148 |   265 |   163 |   163 ||  1107
  Block: Buckler           |       |       |       |    20 |    92 |    52 |    99 |    77 |    61 ||   401
   Form: Death             |       |       |       |       |       |       |       |       |     2 ||     2
                           |       |       |       |       |       |       |       |       |     1 ||     1

Table legend: (Time is in decaauts)
 A = Elapsed time spent in this place.
 B = Non-inter-level travel time spent in this place.
 C = Inter-level travel time spent in this place.
 D = Time resting spent in this place.
 E = Time spent auto-exploring this place.
 F = Levels seen in this place.
 G = Mean time per level.
                   A        B        C        D        E       F      G
               +--------+--------+--------+--------+--------+-----+--------+
         Total | 128637 | 113836 |  14801 |  26981 |  53859 |  71 | 1811.8 |
       Dungeon |  22624 |  18755 |   3869 |   1382 |  13253 |  15 | 1508.3 |
        Temple |     50 |      1 |     49 |      0 |      0 |   1 |   50.0 |
          Lair |   8497 |   6651 |   1846 |    597 |   4459 |   5 | 1699.4 |
        Shoals |  12149 |  11403 |    746 |   5367 |   3128 |   4 | 3037.2 |
   Spider Nest |   7540 |   7120 |    420 |   1482 |   3581 |   4 | 1885.0 |
    Slime Pits |   2290 |   2185 |    105 |   1275 |    374 |   5 |  458.0 |
  Orcish Mines |   3788 |   2981 |    807 |    304 |   1805 |   2 | 1894.0 |
   Elven Halls |  13396 |  12697 |    699 |   3833 |   5661 |   3 | 4465.3 |
        Vaults |  16507 |  13621 |   2886 |   1285 |   8775 |   5 | 3301.4 |
         Crypt |   6181 |   5483 |    698 |   1278 |   2977 |   3 | 2060.3 |
          Tomb |    879 |    879 |      0 |    448 |      0 |   1 |  879.0 |
        Depths |  13950 |  12106 |   1844 |   2802 |   5932 |   4 | 3487.5 |
          Hell |   1092 |   1050 |     42 |    225 |    481 |   1 | 1092.0 |
       Cocytus |   3612 |   3455 |    157 |   1644 |    210 |   7 |  516.0 |
           Zot |  11904 |  11276 |    628 |   4008 |   1953 |   5 | 2380.8 |
         Abyss |    448 |    448 |      0 |      3 |      0 |   2 |  224.0 |
       Ossuary |    489 |    489 |      0 |      0 |    322 |   1 |  489.0 |
        Bailey |    729 |    729 |      0 |     30 |    371 |   1 |  729.0 |
        Wizlab |   2210 |   2210 |      0 |    991 |    576 |   1 | 2210.0 |
    Desolation |    292 |    292 |      0 |     26 |      0 |   1 |  292.0 |
               +--------+--------+--------+--------+--------+-----+--------+

Top non-repeatable levels by time:
   Elf:3: 8061 daAuts
Shoals:4: 5895 daAuts
Depths:1: 5178 daAuts
Depths:4: 4106 daAuts
Vaults:1: 3888 daAuts
Spider:4: 3439 daAuts
Vaults:3: 3365 daAuts
Vaults:2: 3277 daAuts
   Zot:3: 3118 daAuts
 Crypt:3: 3113 daAuts
Vaults:5: 3103 daAuts
Depths:2: 3077 daAuts
   Elf:2: 3015 daAuts
   Orc:2: 2970 daAuts
    D:11: 2931 daAuts
